 Dungeon Crawl Stone Soup version 0.30.0-5-g1a98f26d00 (webtiles) character file.

Game seed: 10074561113920155909

145 oldriver the Trooper (level 5, 0/33 HPs)
             Began as a Gargoyle Fighter on May 13, 2023.
             Splashed by a jelly's acid (3 damage)
             ... on level 4 of the Dungeon.
             The game lasted 00:02:27 (2230 turns).

oldriver the Trooper (Gargoyle Fighter)             Turns: 2230, Time: 00:02:27

Health: 0/33       AC:  2    Str: 22    XL:     5   Next: 27%
Magic:  5/5        EV:  9    Int:  8    God:
Gold:   101        SH:  9    Dex:  9    Spells: 4/4 levels left

rFire   . . .        l - +3 whip (holy)
rCold   . . .        c - +0 buckler
rNeg    + . .        b - +0 scale mail
rPois   ∞            (no helmet)
rElec   +            (no cloak)
rCorr   .            (no gloves)
SInv    .            (no boots)
Will    .....        j - amulet of reflection Stlth
                     (no ring)
HPRegen 0.25/turn    (no ring)
MPRegen 0.09/turn

%: reflection
@: corroded
A: sickness immunity, AC +4, negative energy resistance 1, electricity
resistance, torment resistance 1, petrification resistance
a: no special abilities


You were on level 4 of the Dungeon.
You visited 1 branch of the dungeon, and saw 4 of its levels.

You collected 101 gold pieces.

Inventory:

Hand Weapons
 a - a +0 war axe
 l - a +3 whip of holy wrath (weapon)
Armour
 b - a +0 scale mail (worn)
 c - a +0 buckler (worn)
Jewellery
 j - an amulet of reflection (around neck)
Scrolls
 f - 2 scrolls of noise
 k - 2 scrolls of immolation
 m - a scroll of poison {unknown}
 n - 2 scrolls of magic mapping {unknown}
 o - a scroll of fog {unknown}
Potions
 d - a potion of might
 e - a potion of attraction
 g - a potion of lignification {unknown}
 h - a potion of flight
 i - 2 potions of degeneration


   Skills:
 + Level 4.2 Fighting
 * Level 3.6 Axes
 - Level 3.2 Armour
 + Level 2.4 Stealth
 - Level 3.3 Shields


You had 4 spell levels left.
You didn't know any spells.
Your spell library was empty.

Dungeon Overview and Level Annotations

Branches:
Dungeon (4/15)             Temple (0/1) D:4

Altars:


Innate Abilities, Weirdness & Mutations

You are immune to sickness and miasma.
Your stone body is resilient. (AC +4)
You are immune to poison.
You resist negative energy. (rN+)
You are resistant to electric shocks. (rElec)
You are resistant to unholy torment.
You are immune to petrification.


Message History

You hit the giant cockroach.
The giant cockroach is almost dead.
The giant cockroach closely misses you.
You hit the giant cockroach.
You kill the giant cockroach!
You whack the jelly! The acid corrodes you!
Your hands burn!
The jelly is heavily wounded.
You block the jelly's attack.
You hit the jelly.
Your hands burn!
The jelly is severely wounded.
You block the jelly's attack.
You hit the jelly but do no damage.
Your hands burn!
The jelly is severely wounded.
The jelly hits you.
You are splashed with acid!
* * * LOW HITPOINT WARNING * * *
You are too injured to fight recklessly!
You are too injured to fight recklessly!
You are too injured to fight recklessly!
You are too injured to fight recklessly!
You are too injured to fight recklessly!
You are too injured to fight recklessly!
You are too injured to fight recklessly!
You are too injured to fight recklessly!
You are too injured to fight recklessly!
You are too injured to fight recklessly!
You are too injured to fight recklessly!
You are too injured to fight recklessly!
You are too injured to fight recklessly!
You are too injured to fight recklessly!
You are too injured to fight recklessly!
You are too injured to fight recklessly!
You are too injured to fight recklessly!
You hit the jelly but do no damage.
Your hands burn!
* * * LOW HITPOINT WARNING * * *
The jelly is severely wounded.
The jelly barely misses you.
Okay, then.
Okay, then.
You hit the jelly. The acid corrodes you!
Your hands burn!
You die...

...## #.#
......#.#
.>....#.#
........##
#....#
##.##.#
..B. #.#
.... #J#
### #@#
#.# ####.#
#....#
#.#### #.#
#.######
#......#
######.#


You could see a jelly.

Vanquished Creatures
  6 adders
  An ufetubus (D:4)
  2 worms
  3 dart slugs
  An orc (D:3)
  7 endoplasms
  3 giant cockroaches
  7 goblins
  3 hobgoblins (D:2)
  9 jackals
  6 kobolds
  2 quokkas
  10 ball pythons
  5 bats
  4 frilled lizards
  4 rats
73 creatures vanquished.

Notes
Turn   | Place    | Note
-------+----------+-------------------------------------------
     0 | D:1      | oldriver the Gargoyle Fighter began the quest for the Orb.
     0 | D:1      | Reached XP level 1. HP: 14/14 MP: 1/1
   108 | D:1      | Reached XP level 2. HP: 16/19 MP: 2/2
   286 | D:1      | Reached skill level 1 in Stealth
   533 | D:1      | Reached XP level 3. HP: 14/23 MP: 3/3
  1320 | D:2      | Reached XP level 4. HP: 29/29 MP: 4/4
  1529 | D:2      | Reached skill level 4 in Fighting
  2134 | D:4      | Reached XP level 5. HP: 33/33 MP: 5/5
  2215 | D:4      | Found a staircase to the Ecumenical Temple.
  2230 | D:4      | Splashed by a jelly's acid

Illustrated notes

Levels and vault maps discovered:
D:1:      amcnicky_arrival_flooded_fountain, layout_basic,
          chequers_serial_rivers_small_b
D:2:      layout_loops_ring
D:3:      minmay_general_purpose_star, layout_basic
D:4:      layout_loops_ring, minmay_temple_entry_stoned_glass, uniq_ijyb

Skill      XL: |  1  2  3  4 |
---------------+-------------+-----
Axes           | 2 3 |  3.6
Stealth        | 1 2 |  2.4
Fighting       | 4 |  4.2
Armour         | |  3.2
Shields        | |  3.3

Action                     |  1- 3 |  4- 6 || total
---------------------------+-------+-------++-------
  Melee: War axe           |   110 |    65 ||   175
         Whip              |       |    14 ||    14
    Use: Scroll            |       |     6 ||     6
 Armour: Scale mail        |    52 |    32 ||    84
  Dodge: Dodged            |    67 |    37 ||   104
  Block: Buckler           |    25 |    31 ||    56
